 Dungeon Crawl Stone Soup version 0.30-a0-596-g0af90f9a20 (webtiles) character file.

Game seed: 4779415004607028714

35 testman the Vexing (level 3, -1/15 HPs)
             Began as a Felid Enchanter on Jan 6, 2023.
             Slain by a jackal (3 damage)
             ... on level 1 of the Dungeon.
             The game lasted 00:05:23 (662 turns).

testman the Vexing (Felid Enchanter)                 Turns: 662, Time: 00:05:24

Health: -1/15      AC:  1    Str:  4    XL:     3   Next: 17%
Magic:  2/7        EV: 17    Int: 18    God:
Gold:   36         SH:  0    Dex: 16    Spells: 0/6 levels left
                                        Lives:  0   Deaths: 0

rFire   . . .      SeeInvis +      - Unarmed
rCold   . . .      Faith    .    (shield unavailable)
rNeg    . . .      Spirit   .    (body armour unavailable)
rPois   .          Reflect  .    (helmet unavailable)
rElec   .          Harm     .    (cloak unavailable)
rCorr   .          Rampage  .    (gloves unavailable)
Will    .....                    (boots unavailable)
Stlth   +++                      (no amulet)
HPRegen 0.22/turn                (no ring)
MPRegen 0.10/turn                (no ring)

@: quick
A: very small, claws 1, fangs 3, see invisible, speed 1, shaggy fur 1, stealthy
paws, no weapons or thrown items, no armour, multi-lived
a: no special abilities


You were on level 1 of the Dungeon.
You visited 1 branch of the dungeon, and saw 1 of its levels.

You collected 36 gold pieces.

Inventory:

Scrolls
 b - a scroll of identify {unknown}
 d - a scroll of enchant weapon {unknown}
Potions
 a - 2 potions of invisibility
 c - a potion of haste {unknown}


   Skills:
 + Level 0.9 Fighting
 + Level 3.1 Dodging
 + Level 4.3 Stealth
 + Level 1.5 Unarmed Combat
 + Level 2.2 Spellcasting
 + Level 4.8 Hexes


You couldn't memorise any spells.
You knew the following spells:

 Your Spells              Type           Power      Damage    Failure   Level
a - Confusing Touch       Hex            19%        N/A       8%          3
b - Tukima's Dance        Hex            19%        N/A       8%          3

Your spell library contained the following spells:

 Spells                   Type           Power      Damage    Failure   Level
 Ensorcelled Hibernation  Hex/Ice        20%        N/A       10%         2
 Dazzling Flash           Conj/Hex       20%        N/A       21%         3


Dungeon Overview and Level Annotations

Branches:
Dungeon (1/15)

Altars:


Innate Abilities, Weirdness & Mutations

You have sharp claws.
You have razor-sharp teeth.
You have supernaturally acute eyesight. (SInv)
You cover ground quickly. (Speed+)
You are covered in fur. (AC +1)
Your paws help you pounce on unaware monsters.
You are incapable of wielding weapons or throwing items.
You cannot wear armour.
You gain extra lives every three experience levels.


Message History

You barely miss the jackal.
The jackal is moderately wounded.
The jackal closely misses you.
You closely miss the jackal.
The jackal is moderately wounded.
The jackal bites you.
You closely miss the jackal.
The jackal is moderately wounded.
The jackal bites you. x2
* * * LOW HITPOINT WARNING * * *
You closely miss the jackal.
The jackal is moderately wounded.
The jackal barely misses you.
You completely miss the jackal.
The jackal is moderately wounded.
The jackal misses you.
You scratch the jackal but do no damage.
The jackal appears confused.
You bite the jackal.
The jackal is severely wounded.
The jackal completely misses you.
You scratch the jackal.
You kill the jackal!
You closely miss the jackal. The jackal bites you.
* * * LOW HITPOINT WARNING * * *
Casting: Confusing Touch (extremely dangerous; 8% risk of failure)
Confirm with . or Enter, or press ? or * to list all spells.
The spell is extremely dangerous to miscast (8% risk of failure)!
Continue anyway? [Y]es or [N]o only, please.
The spell is extremely dangerous to miscast (8% risk of failure)!
Continue anyway?
Your paws begin to glow red.
The jackal misses you. The jackal completely misses you.
You scratch the jackal but do no damage.
The jackal misses you.
You scratch the jackal but do no damage.
The jackal misses you. The jackal completely misses you.
You scratch the jackal but do no damage.
The jackal appears confused.
You bite the jackal.
The jackal is heavily wounded.
The jackal bites you.
You die...

... #.# #.# #.#
###.###.## . .......#
# #.# #..############
###.###.....).......#
#.........######.##.#
#.#.####.## #.# #.#.#
#.# #@# .#).# #.# #h#
###.## #.# #.# # ##.#
... #.# ####### #.#
♣♣♣...♣♣♣♣ #.#
#♣♣........♣♣###.#
..†...[.......♣###
...♣#'''#♣......♣##


You could see a jackal (confused).

Vanquished Creatures
  2 endoplasms (D:1)
  3 giant cockroaches (D:1)
  3 goblins (D:1)
  A hobgoblin (D:1)
  8 jackals (D:1)
  A quokka (D:1)
  3 ball pythons (D:1)
  3 kobolds (D:1)
  6 rats (D:1)
30 creatures vanquished.

Notes
Turn   | Place    | Note
-------+----------+-------------------------------------------
     0 | D:1      | testman the Felid Enchanter began the quest for the Orb.
     0 | D:1      | Reached XP level 1. HP: 7/7 MP: 4/4
   275 | D:1      | Reached XP level 2. HP: 12/12 MP: 6/6
   576 | D:1      | Reached XP level 3. HP: 12/15 MP: 7/7
   580 | D:1      | Learned a level 3 spell: Confusing Touch
   584 | D:1      | Learned a level 3 spell: Tukima's Dance
   662 | D:1      | Slain by a jackal

Illustrated notes

Levels and vault maps discovered:
D:1:      sevenhm_arrival_forest_fort_large_3, layout_loops_ring

Skill      XL: |  1  2 |
---------------+-------+-----
Dodging        | 3 |  3.1
Fighting       | |  0.9
Stealth        | |  4.3
Unarmed Combat | |  1.5
Spellcasting   | |  2.2
Hexes          | |  4.8

Action                   || total
-------------------------++-------
Melee: Unarmed           ||   116
       Bite              ||    10
       Punch             ||     1
 Cast: Confusing Touch   ||     2
 Stab: Sleeping          ||     6
Armor: Skin              ||     4
Dodge: Dodged            ||    82

Table legend: (Time is in decaauts)
 A = Elapsed time spent in this place.
 B = Non-inter-level travel time spent in this place.
 C = Inter-level travel time spent in this place.
 D = Time resting spent in this place.
 E = Time spent auto-exploring this place.
 F = Levels seen in this place.
 G = Mean time per level.
                   A        B        C        D        E       F      G
               +--------+--------+--------+--------+--------+-----+--------+
         Total |    568 |    568 |      0 |     41 |    261 |   1 |  568.0 |
       Dungeon |    568 |    568 |      0 |     41 |    261 |   1 |  568.0 |
               +--------+--------+--------+--------+--------+-----+--------+

Top non-repeatable levels by time:
     D:1: 568 daAuts
